Map: Proxima Station LE

Players

Salvite

  • Race: Protoss Protoss
  • League: Silver
  • Spawn Location: 7:00

jaws - Winner!

  • Race: Zerg Zerg
  • Spawn Location: 1:00

VOD

Have the link to the VOD?

Description

Time

  • Played on: June 2, 2017, 2:23 a.m.
  • Length: 4:44
Show
View Real Time Build Order
Export as new Build Order

Salvite Protoss 

Build Orders:  

Get SALT Encoding   

  12  0:09  Probe (Chrono Boost)  
  13  0:19  Probe (Chrono Boost)  
  13  0:20  Pylon  
  14  0:30  Probe (Chrono Boost)  
  15  0:44  Pylon  
  15  0:52  Pylon  
  15  0:57  Probe (Chrono Boost)  
  15  1:01  Assimilator  
  16  1:08  Probe (Chrono Boost)  
  17  1:19  Gateway  
  17  1:31  Probe (Chrono Boost)  
  18  1:41  Probe (Chrono Boost)  
  19  1:50  Pylon  
  19  1:52  Probe (Chrono Boost)  
  19  1:54  Gateway  
  20  2:01  Assimilator  
  20  2:03  Probe (Chrono Boost)  
  21  2:13  Zealot  
  23  2:16  Cybernetics Core  
  23  2:24  Probe (Chrono Boost)  
  24  2:34  Probe (Chrono Boost)  
  25  2:40  Zealot  
  27  2:45  Probe (Chrono Boost)  
  28  2:56  Mothership Core (Chrono Boost)  
  29  3:15  Nexus  
  29  3:19  Pylon  
  29  3:32  Pylon  
  29  3:49  Adept x2  
Show
View Real Time Build Order
Export as new Build Order

jaws Zerg - Winner!

Build Orders: Pool First 

Get SALT Encoding   

  12  0:03  Drone  
  13  0:15  Overlord  
  14  0:21  Drone  
  14  0:42  Spawning Pool  
  13  0:52  Drone  
  13  0:53  Drone  
  15  1:02  Drone  
  16  1:20  Hatchery  
  16  1:23  Drone  
  16  1:29  Queen  
  18  1:45  Zergling x6  
  21  2:05  Overlord  
  21  2:19  Zergling x2  
  22  2:34  Zergling x2  
  23  2:41  Queen  
  25  2:50  Zergling x10  
  25  2:51  Zergling x2  
  31  2:55  Overlord  
  31  2:56  Zergling x2  
  32  3:21  Zergling x4  
  32  3:25  Zergling x4  
  36  3:37  Zergling x8  
Tags
 
League
Silver
Matchup
PvZ
Opening
Pool First
Spawn Locations
Cross Positions
Add a new tag
Caveats
  • Supply blocks, unpowered buildings, or Contaminate may cause inaccurate times.
  • Supply counts are checked every 10 seconds.